 Dungeon Sprint DCSS version 0.28.0-53-g5a82cb258f (webtiles) character file.

Game seed: 1237905677951703830

756 Zeld the Geomancer (level 7, -17/52 HPs)
             Began as a Gargoyle Earth Elementalist on May 21, 2022.
             Was an Initiate of Vehumet.
             Shot with a bolt by a yaktaur (23 damage)
             ... in the Dungeon (Sprint II: "The Violet Keep of Menkaure").
             The game lasted 00:03:36 (2217 turns).

Zeld the Geomancer (Gargoyle Earth Elementalist)    Turns: 2217, Time: 00:03:36

Health: -17/52     AC:  6    Str: 12    XL:     7   Next: 79%
Magic:  2/18       EV: 11    Int: 17    God:    Vehumet [......]
Gold:   395        SH:  0    Dex: 10    Spells: 16/22 levels left

rFire   . . .      SeeInvis .   a - +0 morningstar
rCold   . . .      Faith    .   (no shield)
rNeg    + . .      Spirit   .   b - +0 robe
rPois   ∞          Reflect  .   (no helmet)
rElec   +          Harm     .   (no cloak)
rCorr   .          Rampage  .   (no gloves)
Will    .....      NoTele   +   (no boots)
Stlth   ++........              (no amulet)
HPRegen 0.17/turn               (no ring)
MPRegen 0.16/turn               (no ring)

@: no status effects
A: sickness immunity, AC +4, negative energy resistance 1, electricity
resistance, torment resistance 1, petrification resistance
a: Renounce Religion


You were in the Dungeon.
You worshipped Vehumet.
Vehumet was noncommittal.
You visited 1 branch You collected 495 gold pieces.
You spent 100 gold pieces at shops.

Inventory:

Hand Weapons
 a - a +0 morningstar (weapon)
Missiles
 i - 16 stones
Armour
 b - a +0 robe (worn)
Potions
 c - a potion of curing
 e - a potion of haste
 f - 2 potions of magic


   Skills:
 * Level 9.8 Fighting
 - Level 1.5 Dodging
 - Level 2.1 Stealth
 * Level 8.4 Spellcasting
 + Level 5.1 Transmutations
 * Level 11.2 Earth Magic


You had 16 spell levels left.
You knew the following spells:

 Your Spells              Type           Power      Damage    Failure   Level
a - Sandblast             Erth           90%        2d19      1%          1
b - Passwall              Tmut/Erth      28%        N/A       1%          2
c - Stone Arrow           Conj/Erth      52%        3d10      3%          3

Your spell library contained the following spells:

 Spells                   Type           Power      Damage    Failure   Level
 Petrify                  Tmut/Erth      34%        N/A       3%          4


Dungeon Overview and Level Annotations

Branches:
Dungeon (1/1)

Altars:
Cheibriados
Dithmenos
Elyvilon
Fedhas
Gozag
Hepliaklqana
Kikubaaqudgha
Makhleb
Nemelex Xobeh
Okawaru
Qazlal
Ru
Sif Muna
Trog
Uskayaw
Vehumet
Wu Jian
Xom
Yredelemnul
Zin
The Shining One
Beogh
Jiyva
Lugonu

Shops:
D (::![==(==!![?[

Annotations:
D exclusion: oklob plant, Roxanne


Innate Abilities, Weirdness & Mutations

You are immune to sickness and miasma.
Your stone body is resilient. (AC +4)
You are immune to poison.
You resist negative energy. (rN+)
You are resistant to electric shocks. (rElec)
You are resistant to unholy torment.
You are immune to petrification.


Message History

Confirm with . or Enter, or press ? or * to list all spells.
Aiming: Stone Arrow (dangerous; 3% risk of failure)
Press: ? - help, Shift-Dir - straight line, f/p - hornet
Aim: a hornet (almost dead, 57% to hit)
The stone arrow hits the hornet!!
You kill the hornet!
Vehumet accepts your kill. The yaktaur hits you.
Your Spellcasting skill increases to level 8!
Your Transmutations skill increases to level 5!
Your Earth Magic skill increases to level 11!
Unknown command.
Press < or > to pray at altars.
Okay, then.
The polar bear bites you but does no damage.
The polar bear claws you but does no damage.
The polar bear misses you.
Blink to where?
Press: ? - help, Dir - move target
Okay, then.
The polar bear closely misses you.
The polar bear claws you but does no damage. x2
There is a glowing silver altar of Zin here.
Blink to where?
Press: ? - help, Dir - move target Splash!
You fall into the shallow water.
Moving in this stuff is going to be slow.
As you read the scroll of blinking, it crumbles to dust.
The yaktaur wields a +0 arbalest.
The yaktaur shoots a bolt.
The bolt hits you!!
* * * LOW HITPOINT WARNING * * *
You close the door.
A yaktaur breaks down the door.
Really walk into a travel-excluded area?
Okay, then.
Really walk into a travel-excluded area?
The polar bear is engulfed in a cloud of scalding steam.
The yaktaur shoots a bolt.
The bolt hits you!!
You die... ≈≈#..
B. ...# ^..# ### B#. ###..## #..# $# #.# #+###.##..# +..# .# :[([

.#.##.##...#..# #..# .#▓?$$![
###÷.<.'##.'..####^^##.#▓$!$?($
.#.##.##.###..§.###...##▓▓▓▓▓▓▓
#.###+###.##...§.§≈c≈≈≈≈≈≈≈≈≈≈≈
### ##. ###≈≈.§...§#h########+##
≈≈# #3#≈≈§≈≈≈≈@h≈#h._.....#§≈≈
#≈## ##≈§≈≈≈≈≈§.≈#†_._....#≈§§
#≈≈##+##≈≈≈≈§≈≈§≈≈≈#_._._...#≈≈≈
##≈≈≈≈≈≈≈≈≈≈≈≈≈≈≈§≈#._._._..#≈≈≈
#+++#+++#≈≈≈§≈≈§≈≈#_._._._.#S§§
#≈§≈S°≈≈##§≈§###≈≈#._._._._#S≈≈
§≈§§≈≈§≈≈##§≈# #≈≈#.._._._.#≈≈≈
≈§§§§≈§≈≈≈≈+§§# #≈≈#._._._..#≈≈≈
#°°≈≈≈§°§≈##§≈≈§≈§§##########≈≈≈


You could see 3 polar bears and a yaktaur.

Vanquished Creatures
  A hornet (D)
  2 wyverns (D)
  A water moccasin (D)
  A scorpion (D)
  3 worms (D)
8 creatures vanquished.

Vanquished Creatures (others)
  Menkaure (D)
  A water moccasin (D)
2 creatures vanquished.

Grand Total: 10 creatures vanquished

Notes
Turn   | Place    | Note
-------+----------+-------------------------------------------
     0 | D        | Zeld the Gargoyle Earth Elementalist began the quest for
                  | the Orb.
     0 | D        | Reached XP level 1. HP: 10/10 MP: 3/3
     1 | D        | Noticed a boulder beetle
     1 | D        | Noticed a boulder beetle
     5 | D        | Noticed a wyvern
     5 | D        | Noticed a wyvern
     9 | D        | Noticed a neqoxec
    27 | D        | Reached skill level 1 in Fighting
    27 | D        | Reached skill level 1 in Transmutations
    27 | D        | Reached skill level 4 in Earth Magic
    53 | D        | Killed Menkaure
   333 | D        | Reached XP level 2. HP: 17/17 MP: 1/5
   337 | D        | Learned a level 2 spell: Passwall
   608 | D        | Noticed a water moccasin
   615 | D        | Killed a water moccasin
   616 | D        | Reached skill level 5 in Fighting
   616 | D        | Reached skill level 6 in Earth Magic
   616 | D        | Reached XP level 3. HP: 4/26 MP: 0/9
   616 | D        | Reached XP level 4. HP: 5/31 MP: 0/10
   622 | D        | Learned a level 3 spell: Stone Arrow
   883 | D        | Found Bacloqall's Antique Armour Shop.
   885 | D        | Found Tuacob's Magic Scroll Boutique.
   886 | D        | Found Ariaf's Antique Armour Boutique.
   886 | D        | Found Qywn's Distillery.
   886 | D        | Found Gaogor's Distillery.
   887 | D        | Found Uzxeto's Jewellery Boutique.
   887 | D        | Found Hyodayd's Jewellery Boutique.
   888 | D        | Found Yproocwa's Jewellery Shop.
   888 | D        | Found Gostreky's Antique Weapon Shop.
   890 | D        | Noticed a scorpion
   893 | D        | Killed a scorpion
   894 | D        | Reached skill level 5 in Spellcasting
   894 | D        | Reached skill level 7 in Earth Magic
   894 | D        | Reached XP level 5. HP: 35/36 MP: 1/12
  1079 | D        | Found Wyroq's Jewellery Shop.
  1079 | D        | Found Ymuc's Armour Boutique.
  1082 | D        | Noticed a water moccasin
  1082 | D        | Noticed a cane toad
  1082 | D        | Noticed a cane toad
  1093 | D        | Killed a water moccasin
  1094 | D        | Reached skill level 8 in Earth Magic
  1094 | D        | Reached XP level 6. HP: 37/44 MP: 0/15
  1240 | D        | HP: 2/44 [lava snake/glob of lava (22)]
  1699 | D        | Noticed a black bear
  1699 | D        | Noticed a black bear
  1702 | D        | Found Lotzog's Distillery.
  1702 | D        | Noticed an oklob plant
  1703 | D        | Found Bazoc's Book Shop.
  1703 | D        | Found Jesanov's Weapon Boutique.
  1703 | D        | Found Cussac's Book Shoppe.
  1703 | D        | Noticed a black bear
  1740 | D        | Killed a wyvern
  1741 | D        | Reached skill level 9 in Earth Magic
  1743 | D        | HP: 1/45 [wyvern (13)]
  1746 | D        | Killed a wyvern
  1747 | D        | Reached skill level 10 in Earth Magic
  1747 | D        | Reached XP level 7. HP: 17/51 MP: 0/18
  2155 | D        | Bought a morningstar for 100 gold pieces
  2183 | D        | Found an iron altar of Okawaru.
  2183 | D        | Found a radiant altar of Vehumet.
  2183 | D        | Found a glowing silver altar of Zin.
  2184 | D        | Found a sparkling altar of Nemelex Xobeh.
  2184 | D        | Found a hide-covered altar of Uskayaw.
  2185 | D        | Found an opulent altar of Gozag.
  2185 | D        | Found a burning altar of Makhleb.
  2185 | D        | Found a bloodstained altar of Trog.
  2185 | D        | Found a basalt altar of Yredelemnul.
  2186 | D        | Found a blossoming altar of Fedhas.
  2186 | D        | Found a corrupted altar of Lugonu.
  2186 | D        | Found a shimmering blue altar of Sif Muna.
  2187 | D        | Found a white marble altar of Elyvilon.
  2187 | D        | Found an ancient bone altar of Kikubaaqudgha.
  2188 | D        | Found a shadowy altar of Dithmenos.
  2188 | D        | Found a viscous altar of Jiyva.
  2189 | D        | Found a snail-covered altar of Cheibriados.
  2190 | D        | Found a shimmering altar of Xom.
  2190 | D        | Found a sacrificial altar of Ru.
  2190 | D        | Found a hazy altar of Hepliaklqana.
  2190 | D        | Noticed a hornet
  2190 | D        | Noticed a polar bear
  2191 | D        | Found a glowing golden altar of the Shining One.
  2191 | D        | Found an ornate altar of the Wu Jian Council.
  2191 | D        | Found a stormy altar of Qazlal.
  2191 | D        | Noticed a yaktaur
  2191 | D        | Noticed a polar bear
  2193 | D        | Noticed a polar bear
  2202 | D        | Became a worshipper of Vehumet
  2208 | D        | Killed a hornet
  2209 | D        | Reached skill level 5 in Transmutations
  2209 | D        | Reached skill level 11 in Earth Magic
  2211 | D        | Identified Roxanne's Handbook of Transmutation
  2211 | D        | Noticed Roxanne
  2217 | D        | Shot with a bolt by a yaktaur

Illustrated notes

Levels and vault maps discovered:
D:        the_violet_keep_of_menkaure [sprint2_stairs_cluster_1,
          sprint2_shoproom, sprint2_temple, sprint2_basic_supplies,
          sprint2_obstacle_5, sprint2_obstacle_6, sprint2_obstacle_4,
          sprint2_obstacle_7, sprint2_obstacle_2, sprint2_timed_cluster_1,
          sprint2_smallroom_cluster_1, sprint2_smallroom_final_cluster_1,
          sprint2_transparent_cluster_1, sprint2_second_timed_cluster_1,
          sprint2_sniper_area_1, sprint2_heavy_combat_area_1,
          sprint2_mutation_trap_area_1, sprint2_forest_area_1,
          sprint2_light_combat_area_1, sprint2_behind_water_1,
          sprint2_near_end_vault_1]

Skill      XL: |  1  2  3  4  5  6  7 |
---------------+----------------------+-----
Fighting       | 1 5 6 7 9 |  9.8
Transmutations | 1 2 3 4 5 |  5.1
Earth Magic    | 4 6 7 8 10 11 | 11.2
Spellcasting   | 4 5 6 7 8 |  8.4
Dodging        | |  1.5
Stealth        | |  2.1

Action                   |  1- 3 |  4- 6 |  7- 9 || total
-------------------------+-------+-------+-------++-------
Melee: Unarmed           |     8 |     5 |       ||    13
 Cast: Sandblast         |    12 |     2 |       ||    14
       Stone Arrow       |       |    11 |     6 ||    17
  Use: Potion            |     1 |     1 |       ||     2
       Scroll            |       |       |     1 ||     1
Armor: Robe              |     3 |     4 |     6 ||    13
Dodge: Dodged            |     4 |    10 |     6 ||    20
